 Dungeon Crawl Stone Soup version 0.30-a0-879-ga8ba668304 (webtiles) character file.

Game seed: 18349318034572351505

65 M4edhros the Poker (level 4, 0/31 HPs)
             Began as an Octopode Fighter on Mar 14, 2023.
             Was an Initiate of Cheibriados.
             Succumbed to an adder's poison
             ... on level 2 of the Dungeon.
             The game lasted 00:01:49 (953 turns).

M4edhros the Poker (Octopode Fighter)                Turns: 953, Time: 00:01:49

Health: 0/31       AC:  1    Str: 16    XL:     4   Next: 13%
Magic:  4/4        EV: 13    Int: 11    God:    Cheibriados [......]
Gold:   157        SH:  5    Dex: 14    Spells: 3/3 levels left

rFire   . . .      SeeInvis .    a - +0 trident
rCold   . . .      Faith    .    b - +0 buckler
rNeg    . . .      Spirit   .    (helmet restricted)
rPois   .          Reflect  .    (no amulet)
rElec   .          Rampage  .    (no ring)
rCorr   .                        (no ring)
Will    .....                    (no ring)
Stlth   ++                       (no ring)
HPRegen 0.25/turn                (no ring)
MPRegen 0.09/turn                (no ring)
                                 (no ring)
                                 (no ring)

@: lethally poisoned (0 -> -8), very slow
A: almost no armour, amphibious, 8 rings, camouflage 1, gelatinous body 1,
(nimble swimmer 1), tentacles
a: Renounce Religion


You were on level 2 of the Dungeon.
You worshipped Cheibriados.
Cheibriados was noncommittal.
You visited 1 branch of the dungeon, and saw 3 of its levels.

You collected 157 gold pieces.

Inventory:

Hand Weapons
 a - a +0 trident (weapon)
Armour
 b - a +0 buckler (worn)
Scrolls
 d - a scroll of immolation {unknown}
 e - 2 scrolls of enchant armour {unknown}
 f - a scroll of amnesia {unknown}
 g - a scroll of magic mapping {unknown}
 h - a scroll of vulnerability {unknown}
 k - a scroll of identify {unknown}
 l - a scroll of fear {unknown}
 n - a scroll of noise {unknown}
Potions
 c - 2 potions of might
 m - a potion of attraction {unknown}


   Skills:
 - Level 3.0 Fighting
 + Level 4.3 Polearms
 - Level 3.0 Dodging
 - Level 3.0 Shields


You had 3 spell levels left.
You didn't know any spells.
Your spell library contained the following spells:

 Spells                   Type           Power      Damage    Failure   Level
 Freeze                   Ice            0%         1d3       43%         1
 Frozen Ramparts          Ice            0%         1d1       80%         3
 Hailstorm                Conj/Ice       0%         3d3       80%         3


Dungeon Overview and Level Annotations

Branches:
Dungeon (3/15)

Altars:
Cheibriados
Fedhas

Annotations:
D:2 Sigmund


Innate Abilities, Weirdness & Mutations

You cannot wear most types of armour.
You are amphibious.
You can wear up to eight rings at the same time.
Your skin changes colour to match your surroundings (Stealth+).
Your rubbery body absorbs attacks. (AC +1, EV +1)
((You are camouflaged when in or above water. (Stealth+)))
You have tentacles for arms and can constrict up to eight enemies at once.


Message History

Sigmund shouts!
You hear an angry hiss.
An adder comes into view.
Found a dagger.
A giant cockroach comes into view.
You block Sigmund's attack.
There is an open door here.
Found a lumpy purple potion.
Sigmund casts a spell at you. You resist with some effort.
You closely miss Sigmund. You grab Sigmund. You constrict Sigmund.
The adder bites you.
You are poisoned.
The adder poisons you! Sigmund closely misses you. The adder bites you.
You are more poisoned.
The adder poisons you!
You puncture Sigmund!
Sigmund is heavily wounded.
You constrict Sigmund.
You feel sick. The adder barely misses you. You block Sigmund's attack.
Okay, then.
You miss the adder. You grab the adder. You constrict Sigmund.
You constrict the adder.
You feel sick. The adder bites you. The giant cockroach bites you.
Sigmund hits you with a +0 scythe!
* * * LOW HITPOINT WARNING * * *
The adder closely misses you. You block the giant cockroach's attack.
Unknown command.
It was a potion of flight.
You feel very buoyant.
You fly up into the air.
You constrict Sigmund. You constrict the adder.
* * * LOW HITPOINT WARNING * * *
You feel sick. The adder bites you.
* * * LOW HITPOINT WARNING * * *
You are more poisoned.
The adder poisons you! The giant cockroach bites you.
* * * LOW HITPOINT WARNING * * *
It was a potion of cancellation.
Your magical effects are unravelling.
You feel magically purged.
You float gracefully downwards.
You constrict Sigmund. You constrict the adder.
You die...

#####.# #.# #.# #.# #.#
#.# #.# #.# #.####'####
# #.##......# ..
#.##......#####.#
#.##......#.B...##+
######.##......'@S......
.......##......##@.)....
#########..>...# !......
#..............# .......
#.....#####+#### .......
#.....# ######+ #.....#
#.....# #.....##


You could see Sigmund, an adder and a giant cockroach.

Vanquished Creatures
  Jessica (D:2)
  2 dart slugs
  6 ball pythons
  3 bats
  3 endoplasms (D:1)
  2 giant cockroaches
  3 goblins
  3 hobgoblins
  A quokka (D:1)
  A frilled lizard (D:2)
  4 kobolds (D:1)
  4 rats (D:1)
33 creatures vanquished.

Notes
Turn   | Place    | Note
-------+----------+-------------------------------------------
     0 | D:1      | M4edhros the Octopode Fighter began the quest for the Orb.
     0 | D:1      | Reached XP level 1. HP: 16/16 MP: 1/1
    49 | D:1      | Reached XP level 2. HP: 21/21 MP: 2/2
   114 | D:1      | You fall into a shaft and drop 1 floor!
   165 | D:2      | Found a faded altar of an unknown god.
   248 | D:2      | Reached skill level 3 in Polearms
   254 | D:2      | Noticed Jessica
   275 | D:2      | Killed Jessica
   276 | D:2      | Reached XP level 3. HP: 26/26 MP: 3/3
   416 | D:3      | Found a snail-covered altar of Cheibriados.
   416 | D:3      | Found a blossoming altar of Fedhas.
   513 | D:3      | Became a worshipper of Cheibriados the Contemplative
   649 | D:1      | Reached skill level 4 in Polearms
   748 | D:1      | Reached XP level 4. HP: 30/31 MP: 4/4
   946 | D:2      | Noticed Sigmund
   953 | D:2      | Succumbed to an adder's poison

Illustrated notes

Levels and vault maps discovered:
D:1:      tarquinn_simple_flora_water_e, layout_rooms
D:2:      layout_basic, shapermc_ecumenical_altar_acropolis, uniq_sigmund,
          uniq_jessica
D:3:      minmay_diamond_boxcup, layout_basic, gammafunk_temple_overflow_statue,
          uniq_ijyb

Skill      XL: |  1  2  3 |
---------------+----------+-----
Polearms       | 3 4 |  4.3
Fighting       | |  3.0
Dodging        | |  3.0
Shields        | |  3.0

Action                     |  1- 3 |  4- 6 || total
---------------------------+-------+-------++-------
  Melee: Trident           |    57 |    13 ||    70
         Constrict         |    13 |     4 ||    17
         Tentacles         |     5 |     2 ||     7
    Use: Potion            |       |     2 ||     2
   Stab: Sleeping          |     3 |     1 ||     4
         Distracted        |     1 |       ||     1
 Armour: Skin              |     7 |       ||     7
  Dodge: Dodged            |    31 |     7 ||    38
  Block: Buckler           |    16 |     5 ||    21

Table legend: (Time is in decaauts)
 A = Elapsed time spent in this place.
 B = Non-inter-level travel time spent in this place.
 C = Inter-level travel time spent in this place.
 D = Time resting spent in this place.
 E = Time spent auto-exploring this place.
 F = Levels seen in this place.
 G = Mean time per level.
                   A        B        C        D        E       F      G
               +--------+--------+--------+--------+--------+-----+--------+
         Total |   1082 |    965 |    117 |      0 |    336 |   3 |  360.7 |
       Dungeon |   1082 |    965 |    117 |      0 |    336 |   3 |  360.7 |
               +--------+--------+--------+--------+--------+-----+--------+

Top non-repeatable levels by time:
     D:2: 448 daAuts
     D:1: 429 daAuts
     D:3: 204 daAuts
